 Dungeon Crawl Stone Soup version 0.24.0-35-gdb84b6a5db (webtiles) character file.

Game seed: 6081670050632232619, levelgen mode: deterministic

13 Nattfarinn the Ruffian (level 2, -1/28 HPs)
             Began as an Ogre Transmuter on Nov 20, 2019.
             Slain by a hobgoblin
             ... wielding a +0 club
              (2 damage)
             ... on level 1 of the Dungeon.
             The game lasted 00:01:05 (653 turns).

Nattfarinn the Ruffian (Ogre Transmuter)             Turns: 653, Time: 00:01:05

Health: -1/28      AC:  3    Str: 13    XL:     2   Next: 37%
Magic:  4/5        EV: 10    Int: 14    God:
Gold:   16         SH:  0    Dex:  9    Spells: 4/5 levels left

rFire    . . .     SeeInvis .   e - +0 club
rCold    . . .     Gourm    .   (no shield)
rNeg     . . .     Faith    .   b - +0 robe
rPois    .         Spirit   .   (helmet restricted)
rElec    .         Reflect  .   (no cloak)
rCorr    .         Harm     .   (gloves unavailable)
MR       .....                  (boots unavailable)
Stlth    +.........             (no amulet)
HPRegen  0.09/turn              (no ring)
MPRegen  0.09/turn              (no ring)

@: appendage
A: large, unfitting armour, talons 3, tough skin 1
a: End Transformation


You were on level 1 of the Dungeon.
You were not hungry.
You had grown temporary talons.
You visited 1 branch of the dungeon, and saw 1 of its levels.

You collected 16 gold pieces.

Inventory:

Hand Weapons
 e - a +0 club (weapon)
Missiles
 a - 12 arrows
Armour
 b - a +0 robe (worn)
Scrolls
 c - a scroll of amnesia {unknown}
 f - a scroll of magic mapping {unknown}
Potions
 h - a potion of resistance {unknown}
Comestibles
 d - a ration
 g - a chunk of flesh


   Skills:
 + Level 2.1 Fighting
 - Level 1.7 Dodging
 - Level 2.6 Unarmed Combat
 - Level 2.4 Spellcasting
 * Level 2.4 Transmutations


You had 4 spell levels left.
You knew the following spells:

 Your Spells              Type           Power        Failure   Level  Hunger
a - Beastly Appendage     Tmut           #.....       9%          1    #......

Your spell library contained the following spells:

 Spells                   Type           Power        Failure   Level  Hunger
 Sticks to Snakes         Tmut           #.......     13%         2    ###....
 Spider Form              Tmut/Pois      #.........   38%         3    ###....
 Ice Form                 Ice/Tmut       #.......     80%         4    #####..
 Blade Hands              Tmut           #.........   93%         5    ######.


Dungeon Overview and Level Annotations

Branches:
Dungeon (1/15)

Altars:


Innate Abilities, Weirdness & Mutations

You are too large for most types of armour.
You have tough skin. (AC +1)
You have claws for feet.


Message History

Casting: Beastly Appendage (safe; 9% risk of failure)
Confirm with . or Enter, or press ? or * to list all spells.
Your feet morph into talons.
The bat hits you but does no damage. The hobgoblin barely misses you.
The dart slug barely misses you.
You completely miss the hobgoblin. The bat barely misses you.
The hobgoblin hits you but does no damage.
The bat barely misses you. The dart slug launches a dart at you.
The slug dart hits you.
* * * LOW HITPOINT WARNING * * *
You barely miss the hobgoblin. The bat hits you but does no damage.
The hobgoblin hits you with a +0 club.
* * * LOW HITPOINT WARNING * * *
The dart slug closely misses you.
You barely miss the dart slug. The bat hits you.
* * * LOW HITPOINT WARNING * * *
The bat hits you but does no damage.
The hobgoblin hits you but does no damage.
The hobgoblin hits you with a +0 club.
You die...

...# ##.# #...( ##.###
##'## ##..# .....# #...#
#... .####.#.# #...# #..#
......#.# ###...### #...
.....$.# #.......# #...
.....####.......####.##
#.w#......[......#.#
#.gw@b....⌠......'.#
#.b#g............#.##
#.$......####.......####..#
$#.?##...# #<......# #..# #
#...# ###...### #... #...#
#...# ###. ...## #...# #.
###.# ##### #. #.# #.


You could see 2 dart slugs, a hobgoblin, a goblin and 2 bats.

Vanquished Creatures
  A leopard gecko (D:1)
  3 bats (D:1)
  3 goblins (D:1)
  A hobgoblin (D:1)
  A kobold (D:1)
  2 rats (D:1)
11 creatures vanquished.

Notes
Turn   | Place    | Note
-------+----------+-------------------------------------------
     0 | D:1      | Nattfarinn the Ogre Transmuter began the quest for the Orb.
     0 | D:1      | Reached XP level 1. HP: 19/19 MP: 3/3
   389 | D:1      | Reached XP level 2. HP: 15/28 MP: 5/5
   653 | D:1      | HP: 1/28 [bat (1)]
   653 | D:1      | Slain by a hobgoblin

Levels and vault maps discovered:
D:1:      minmay_arrival_cross, layout_basic, minmay_heptomino_o4

Skill      XL: |  1  2 |
---------------+-------+-----
Transmutations | 2 |  2.4
Fighting       | 2 |  2.1
Dodging        | |  1.7
Unarmed Combat | |  2.6
Spellcasting   | |  2.4

Action                   || total
-------------------------++-------
Melee: Club              ||    48
       Unarmed           ||    16
       Headbutt          ||     2
 Cast: Beastly Appendage ||     3
Armor: Robe              ||    52
Dodge: Dodged            ||    55
